 Seeded DCSS version 0.29.1-15-g9cfb28693d (webtiles) character file.

Game seed: 1114716861451129815 (custom seed)

358 Achh the Trooper (level 6, -6/56 HPs)
             Began as a Minotaur Fighter on Mar 15, 2023.
             Mangled by an ogre
             ... wielding a +0 giant club
              (10 damage)
             ... on level 4 of the Dungeon.
             The game lasted 00:07:49 (2967 turns).

Achh the Trooper (Minotaur Fighter)                 Turns: 2967, Time: 00:07:49

Health: -6/56      AC: 14    Str: 23    XL:     6   Next: 37%
Magic:  5/5        EV:  3    Int:  5    God:
Gold:   177        SH:  4    Dex:  9    Spells: 5/5 levels left

rFire   + . .      SeeInvis .   a - +0 war axe
rCold   + . .      Faith    .   c - +0 buckler
rNeg    . . .      Spirit   .   u - +0 gold dragon scales
rPois   +          Reflect  .   (helmet restricted)
rElec   .          Harm     .   (no cloak)
rCorr   .          Rampage  .   (no gloves)
Will    .....                   (no boots)
Stlth   ..........              (no amulet)
HPRegen 0.18/turn               (no ring)
MPRegen 0.09/turn               (no ring)

@: no status effects
A: horns 2, retaliatory headbutt
a: no special abilities


You were on level 4 of the Dungeon.
You visited 1 branch of the dungeon, and saw 4 of its levels.

You collected 203 gold pieces.
You spent 26 gold pieces at shops.

Inventory:

Hand Weapons
 a - a +0 war axe (weapon)
Armour
 b - a +0 scale mail
 c - a +0 buckler (worn)
 u - +0 gold dragon scales (worn)
Magical Staves
 n - a staff of earth
Jewellery
 p - a ring of magical power
 q - an amulet of regeneration
Wands
 t - a wand of acid (7)
Scrolls
 e - a scroll of fear {unknown}
 j - 2 scrolls of magic mapping {unknown}
 m - 3 scrolls of teleportation {unknown}
 o - a scroll of identify
 s - a scroll of summoning {unknown}
Potions
 d - 2 potions of might
 f - a potion of curing
 g - 2 potions of flight {unknown}
 h - 2 potions of lignification {unknown}
 i - a potion of cancellation {unknown}
 k - 2 potions of brilliance {unknown}
 l - a potion of attraction {unknown}
 r - a potion of resistance {unknown}
 v - 2 potions of degeneration


   Skills:
 + Level 5.3 Fighting
 + Level 4.5 Axes
 + Level 5.3 Armour
 + Level 5.3 Shields


You had 5 spell levels left.
You didn't know any spells.
Your spell library contained the following spells:

 Spells                   Type           Power      Damage    Failure   Level
 Inner Flame              Hex/Fire       0%         N/A       100%        3
 Airstrike                Air            0%         2d(0-16)  100%        4
 Cause Fear               Hex            0%         N/A       100%        4
 Summon Lightning Spire   Summ/Air       0%         N/A       100%        4
 Lightning Bolt           Conj/Air       0%         1d11      100%        5
 Discord                  Hex            0%         N/A       100%        8


Dungeon Overview and Level Annotations

Branches:
Dungeon (4/15)
 Temple: D:4-7

Altars:
Dithmenos
Elyvilon
Kikubaaqudgha
Nemelex Xobeh
Wu Jian
Xom
Yredelemnul
Zin

Shops:
D:4 !


Innate Abilities, Weirdness & Mutations

You have a pair of horns on your head.
You reflexively headbutt those who attack you in melee.


Message History

Something hits you but does no damage.
You barely miss something. Your headbutt misses something.
Something hits you but does no damage.
You barely miss something. Something hits you but does no damage.
You miss something.
You hear some strange, mumbled words.
A magic dart appears from out of thin air!
The magic dart hits you. Something hits you.
Unknown command.
You miss something. Something hits you but does no damage.
You miss something. Your headbutt misses something.
Something hits you but does no damage.
You hit something.
Reactivating autopickup.
You feel a bit more experienced.
Things that are here:
a +0 dagger; a +0 robe; an orc corpse
Things that are here:
a +0 flail; an orc corpse You see here a +0 club.
An ogre comes into view. It is wielding a +0 giant club.
You see here 14 gold pieces.
The ogre shouts!
You see here an amulet of regeneration.
The ogre hits you with a +0 giant club!!
You barely miss the ogre. The ogre hits you but does no damage.
You slash the ogre!
The ogre is moderately wounded.
The ogre hits you with a +0 giant club!
You barely miss the ogre. You headbutt the ogre.
The ogre is heavily wounded.
The ogre completely misses you.
You hit the ogre. Your headbutt misses the ogre.
The ogre is heavily wounded.
The ogre hits you with a +0 giant club!!
* * * LOW HITPOINT WARNING * * *
You hit the ogre.
The ogre is heavily wounded.
The ogre hits you with a +0 giant club!
You die...

#. .#.#. ........ # # #.
###.......##...^.##.... # #.#.#
##.....#...............# #
#.#.###.#....#....#.###.#....# #
#............#...............###
###.....##.......##.....##....##
##......)...#.#.#...........#.#.#
..#.#.).#.#.#...#.#.#...#.#.#...#
#..#.#)#.....".@...#.#.#........
###.....).##....O##.......##.....
#.....#.........$.....#..........
##....#....#.###.#....#....#.###.
#.....#...............#..........
###.......##.....##.......##.....
#..#.#.#.........).#.#.#........
##.#...#.#.#...#.#.#...#.#†#...#
#..........#.#.#...........#.#.#


You could see an ogre.

Vanquished Creatures
  A phantom (D:4)
  2 scorpions (D:4)
  2 orc wizards (D:4)
  4 adders
  A worm (D:4)
  4 dart slugs
  2 orcs (D:4)
  3 bats (D:1)
  9 endoplasms
  A giant cockroach (D:1)
  8 goblins
  5 hobgoblins
  4 jackals
  5 quokkas
  10 ball pythons
  5 frilled lizards
  9 kobolds
  3 rats
78 creatures vanquished.

Notes
Turn   | Place    | Note
-------+----------+-------------------------------------------
     0 | D:1      | Achh the Minotaur Fighter began the quest for the Orb.
     0 | D:1      | Reached XP level 1. HP: 19/19 MP: 0/0
   157 | D:1      | Reached XP level 2. HP: 27/27 MP: 1/1
   695 | D:1      | Reached XP level 3. HP: 33/33 MP: 2/2
   816 | D:1      | Found a faded altar of an unknown god.
  1529 | D:3      | Reached XP level 4. HP: 40/40 MP: 3/3
  1811 | D:3      | Found a basalt altar of Yredelemnul.
  2221 | D:4      | Noticed a scorpion
  2229 | D:4      | Killed a scorpion
  2230 | D:4      | Reached XP level 5. HP: 43/47 MP: 4/4
  2233 | D:4      | Found Leeweorph's Distillery.
  2236 | D:4      | Found a shadowy altar of Dithmenos.
  2304 | D:4      | Bought 2 potions of degeneration for 26 gold pieces
  2324 | D:4      | Found a shimmering altar of Xom.
  2370 | D:4      | Found a sparkling altar of Nemelex Xobeh.
  2479 | D:4      | Found a glowing silver altar of Zin.
  2479 | D:4      | Found an ancient bone altar of Kikubaaqudgha.
  2487 | D:4      | Found a faded altar of an unknown god.
  2490 | D:4      | Found a white marble altar of Elyvilon.
  2492 | D:4      | Found an ornate altar of the Wu Jian Council.
  2596 | D:4      | Reached skill level 5 in Fighting
  2596 | D:4      | Reached skill level 5 in Shields
  2675 | D:4      | Reached skill level 5 in Armour
  2749 | D:4      | Noticed a phantom
  2766 | D:4      | Killed a phantom
  2767 | D:4      | Reached XP level 6. HP: 37/56 MP: 5/5
  2967 | D:4      | Mangled by an ogre

Illustrated notes

Levels and vault maps discovered:
D:1:      wander_arrival_fairy_ring, layout_loops_ring,
          hellmonk_ecumenical_altar_leap_of_faith
D:2:      layout_rooms
D:3:      layout_rooms, mainiacjoe_overflow_paths
D:4:      nicolae_cairo_tiling_large_dashed, layout_loops_ring,
          mainiacjoe_overflow_large_starburst,
          chequers_temple_overflow_minitemple, nemelex_spade_bored_becter,
          serial_shops, shop

Skill      XL: |  1  2  3  4  5 |
---------------+----------------+-----
Armour         | 4 5 |  5.3
Shields        | 4 5 |  5.3
Fighting       | 4 5 |  5.3
Axes           | 3 4 |  4.5

Action                   |  1- 3 |  4- 6 || total
-------------------------+-------+-------++-------
Melee: War axe           |    96 |    96 ||   192
       Headbutt          |     9 |    19 ||    28
  Use: Scroll            |     1 |       ||     1
Armor: Scale mail        |    54 |    22 ||    76
       Gold dragon scale |       |    62 ||    62
Dodge: Dodged            |    56 |    19 ||    75
Block: Buckler           |    23 |    15 ||    38
